[Event "Titled Tuesday Blitz January 18 2022"]
[White "Dolzhykova, Kateryna"]
[Black "Firat, Burak"]
[WhiteFideId "14113414"]
[BlackFideId "6305881"]
[WhiteElo "2165"]
[BlackElo "2419"]
[Result "0-1"]
[Round "09"]
[TimeControl "180+1"]
[Date "2022.01.18"]
[WhiteClock "0:00:03"]
[BlackClock "0:00:33"]

1. e4 c5 2. Nf3 Nc6 3. Bb5 e6 4. O-O Nge7 5. Nc3 Qb6 6. Re1 Ng6 7. b3 Be7 8. Bb2 O-O 9. Bf1 d6 10. Ne2 Bd7 11. d4 cxd4 12. Nexd4 a6 13. c4 Rac8 14. Rc1 Rfe8 15. Qd2 Bf8 16. g3 Qc7 17. h4 h6 18. Bg2 Qb8 19. Rcd1 b5 20. cxb5 axb5 21. h5 Nge5 22. Nxc6 Bxc6 23. Nd4 Ba8 24. f4 Ng4 25. Bf3 Nf6 26. g4 d5 27. e5 Ne4 28. Bxe4 dxe4 29. g5 hxg5 30. fxg5 Qxe5 31. Re2 Be7 32. g6 fxg6 33. hxg6 Bg5 34. Qe1 e3 35. Nf3 Qe4 36. Qf1 Qxf3 37. Qxf3 Bxf3 38. Rd7 Re7 39. Rxe7 Bxe7 40. Rxe3 Bc5 41. Kf2 Bxe3+ 42. Kxf3 Rc2 43. Be5 Bb6 44. a4 bxa4 45. bxa4 Ra2 46. Bd6 Rxa4 47. Kg3 Rc4 48. Kf3 Bc5 49. Be5 Be7 50. Ke3 Bf6 51. Bd6 Rg4 52. Kf3 Rxg6 53. Bc7 Rg1 54. Bd6 Rc1 55. Bf4 Rc3+ 56. Ke4 Rc4+ 57. Kf3 Kf7 58. Bg3 g5 59. Be1 Kg6 60. Kg3 Kf5 61. Bf2 Be5+ 62. Kf3 g4+ 63. Ke2 Rc2+ 64. Kf1 g3 65. Bb6 Kg4 66. Kg1 Kf3 67. Be3 Re2 68. Kf1 g2+ 69. Kg1 Re1# 0-1


[Site "https://www.chess.com"]

[Event "Titled Tuesday Blitz January 18 2022"]
[White "Donchenko, Alexander"]
[Black "Weishaeutel, Moritz"]
[WhiteFideId "24603295"]
[BlackFideId "12967300"]
[WhiteElo "2539"]
[BlackElo "2002"]
[Result "0-1"]
[Round "09"]
[TimeControl "180+1"]
[Date "2022.01.18"]
[WhiteClock "0:02:03"]
[BlackClock "0:01:58"]

1. e4 e5 2. Nf3 Nf6 3. d3 Nc6 4. g3 d5 5. exd5 Nxd5 6. Bg2 Be7 7. O-O O-O 8. Nc3 Be6 9. Re1 Qd7 10. Nxe5 Nxe5 11. Nxd5 Bxd5 12. Rxe5 Bxg2 13. Kxg2 Bf6 14. Re1 Rfe8 15. Rxe8+ Rxe8 16. c3 Qd5+ 17. Qf3 Qxf3+ 18. Kxf3 Re1 19. d4 Bg5 20. Bxg5 Rxa1 21. Ke2 Rxa2 22. Bc1 Kf8 23. Kd3 Ke7 24. Kc2 Ra1 25. h4 Ke6 26. Bf4 c6 27. b4 Ra2+ 0-1


[Site "https://www.chess.com"]

[Event "Titled Tuesday Blitz January 18 2022"]
[White "Estrada Nieto, Julian"]
[Black "Padmini, Rout"]
[WhiteFideId "5101018"]
[BlackFideId "5029295"]
[WhiteElo "2246"]
[BlackElo "2181"]
[Result "0-1"]
[Round "09"]
[TimeControl "180+1"]
[Date "2022.01.18"]
[WhiteClock "0:00:01"]
[BlackClock "0:00:09"]

1. e4 c5 2. Nf3 Nc6 3. Bb5 d6 4. d4 cxd4 5. Qxd4 Bd7 6. Bxc6 Bxc6 7. Nc3 Nf6 8. Bg5 Qb6 9. Qxb6 axb6 10. Bxf6 gxf6 11. Nd4 e6 12. O-O-O h5 13. Kb1 h4 14. g3 hxg3 15. hxg3 Rxh1 16. Rxh1 Bg7 17. f3 Bd7 18. g4 Ke7 19. Nce2 Rh8 20. Rxh8 Bxh8 21. c4 Kf8 22. Kc2 Kg7 23. Kd3 Kg6 24. f4 Bg7 25. Ke3 f5 26. exf5+ exf5 27. g5 f6 28. gxf6 Bxf6 29. b3 Kh5 30. Kf3 Kh4 31. Ke3 Kg4 32. Nb5 d5 33. Nbd4 dxc4 34. bxc4 Be7 35. Nb3 Bd6 36. Nbd4 Bc5 37. Kd3 Bc6 38. Ke3 Be4 39. a4 Bc6 40. Nc3 Bxd4+ 41. Kxd4 Kxf4 42. Nd5+ Kg3 43. Nxb6 f4 44. c5 f3 45. Nc4 Bxa4 46. Ne3 Bc6 47. Ke5 f2 0-1


[Site "https://www.chess.com"]

[Event "Titled Tuesday Blitz January 18 2022"]
[White "Fiorito, Fabian"]
[Black "Girya, Olga"]
[WhiteFideId "100200"]
[BlackFideId "4195752"]
[WhiteElo "2395"]
[BlackElo "2275"]
[Result "0-1"]
[Round "09"]
[TimeControl "180+1"]
[Date "2022.01.18"]
[WhiteClock "0:00:07"]
[BlackClock "0:00:29"]

1. d4 Nf6 2. Nc3 d5 3. Bf4 c5 4. e4 Nxe4 5. Nxe4 dxe4 6. dxc5 Qxd1+ 7. Rxd1 Nc6 8. Ne2 e5 9. Be3 Be6 10. a3 Rd8 11. Rxd8+ Kxd8 12. Nc3 f5 13. g3 Nd4 14. b4 Nxc2+ 15. Kd2 Nxe3 16. Kxe3 g6 17. f4 exf3 18. Kxf3 e4+ 19. Kf2 Bg7 20. Nb5 a6 21. Nd6 Bd4+ 22. Kg2 Kc7 23. Be2 b6 24. Bxa6 bxc5 25. bxc5 Bxc5 26. Nb5+ Kb6 27. Rb1 Ra8 28. Nd4+ Kxa6 29. Nxe6 Bb6 30. a4 Rc8 31. Nf4 Rc2+ 32. Kh3 e3 33. Nd5 Bc5 34. Nf4 Ka5 35. Nd3 Kxa4 36. Rb7 e2 37. Rc7 Kb5 38. Rb7+ Kc6 39. Rb1 Rd2 40. Nf4 Rd1 0-1


[Site "https://www.chess.com"]

[Event "Titled Tuesday Blitz January 18 2022"]
[White "Gabdushev, Ruslan"]
[Black "Korchmar, Vasiliy"]
[WhiteFideId "4137833"]
[BlackFideId "24131750"]
[WhiteElo "2312"]
[BlackElo "2370"]
[Result "1-0"]
[Round "09"]
[TimeControl "180+1"]
[Date "2022.01.18"]
[WhiteClock "0:00:06"]
[BlackClock "0:00:01"]

1. c4 Nf6 2. g3 g6 3. Bg2 Bg7 4. e4 O-O 5. Nc3 d6 6. Nge2 e5 7. h3 Be6 8. d3 Qc8 9. Nd5 Nc6 10. Bg5 Nh5 11. Qd2 f6 12. Be3 f5 13. f4 fxe4 14. dxe4 exf4 15. gxf4 Rb8 16. O-O-O b5 17. c5 Qa6 18. Kb1 Na5 19. Nxc7 Bxa2+ 20. Kxa2 Qc6 21. Qxa5 dxc5 22. Nd5 Kh8 23. Rc1 b4 24. Rxc5 b3+ 25. Kb1 Qe6 26. Rd1 Rbc8 27. Bd4 Rxc5 28. Qxc5 Rc8 29. Qxa7 Qe8 30. Nec3 Ra8 31. Bxg7+ Nxg7 32. Qd4 Qc6 33. Qb4 Qa6 34. Qxb3 Qa1+ 35. Kc2 Qa6 36. e5 Qa7 37. Rd2 Rb8 38. Qa3 Qf7 39. Nf6 Qe6 40. Qa7 Qb3+ 41. Kc1 Rc8 42. Bd5 Qb5 43. Kb1 Qf1+ 44. Rd1 Qxf4 45. Qe7 Rb8 46. Nfe4 Qh2 47. Rd2 Qg1+ 48. Kc2 Qb6 49. b3 Qa5 50. e6 Qa1 51. Qf6 1-0


[Site "https://www.chess.com"]

[Event "Titled Tuesday Blitz January 18 2022"]
[White "Gelman, Alexander"]
[Black "Kislov, Oleg"]
[WhiteFideId "4118316"]
[BlackFideId "13503774"]
[WhiteElo "2375"]
[BlackElo "2252"]
[Result "0-1"]
[Round "09"]
[TimeControl "180+1"]
[Date "2022.01.18"]
[WhiteClock "0:01:48"]
[BlackClock "0:00:44"]

1. d4 d5 2. Nc3 Nf6 3. Bf4 e6 4. Nb5 Na6 5. e3 c6 6. Nc3 Bd6 7. Nf3 Bxf4 8. exf4 Nc7 9. Qd2 O-O 10. O-O-O b5 11. Ne5 Qd6 12. Bd3 c5 13. dxc5 Qxc5 14. h4 b4 15. Ne2 a5 16. h5 Ba6 17. Kb1 a4 18. g4 b3 19. cxb3 axb3 20. a3 Qxf2 21. h6 g6 22. Qc3 Bxd3+ 23. Nxd3 Qxe2 24. Qxf6 Qc2+ 25. Ka1 Rxa3+ 26. bxa3 Qa2# 0-1


[Site "https://www.chess.com"]

[Event "Titled Tuesday Blitz January 18 2022"]
[White "Golizadeh, Asghar"]
[Black "Brodowski, Piotr"]
[WhiteFideId "12505269"]
[BlackFideId "1124480"]
[WhiteElo "2403"]
[BlackElo "2422"]
[Result "0-1"]
[Round "09"]
[TimeControl "180+1"]
[Date "2022.01.18"]
[WhiteClock "0:00:01"]
[BlackClock "0:00:11"]

1. e4 d6 2. d4 Nf6 3. Nc3 g6 4. f4 Bg7 5. Nf3 O-O 6. Bd3 Bg4 7. h3 Bxf3 8. Qxf3 Nc6 9. Be3 e5 10. dxe5 dxe5 11. O-O-O Nd4 12. Qf2 c5 13. g4 exf4 14. Bxf4 Qa5 15. Kb1 Nd7 16. h4 b5 17. h5 Ne5 18. Nd5 Qd8 19. Bxe5 Bxe5 20. c3 Ne6 21. hxg6 fxg6 22. Qg2 c4 23. Bc2 Qg5 24. Qh3 Rf7 25. Nb4 Raf8 26. Nc6 Nf4 27. Qe3 Rc7 28. Nxe5 Qxe5 29. Rd2 b4 30. Rdh2 Rb8 31. cxb4 Rxb4 32. b3 c3 33. Rf2 g5 34. Rfh2 Rd4 35. Rh6 Rd2 36. b4 Rcd7 37. Bb3+ Kh8 38. Qg1 Rb2+ 39. Ka1 c2 0-1


[Site "https://www.chess.com"]

[Event "Titled Tuesday Blitz January 18 2022"]
[White "Golubka, Petro"]
[Black "Martin Duque, Jesus"]
[WhiteFideId "14114224"]
[BlackFideId "2208954"]
[WhiteElo "2392"]
[BlackElo "2243"]
[Result "1-0"]
[Round "09"]
[TimeControl "180+1"]
[Date "2022.01.18"]
[WhiteClock "0:00:23"]
[BlackClock "0:00:57"]

1. d4 Nf6 2. Nf3 b6 3. c4 Bb7 4. a3 e6 5. Nc3 d5 6. Bg5 Be7 7. Qa4+ Qd7 8. Qxd7+ Nbxd7 9. Nb5 Bd6 10. cxd5 Bxd5 11. Rc1 O-O 12. e3 Ne4 13. Bh4 Rfc8 14. Be2 a6 15. Nxd6 cxd6 16. O-O b5 17. Bd3 Nb6 18. Rfd1 Nc4 19. Rb1 Nxa3 20. bxa3 Nc3 21. e4 Nxd1 22. Rxd1 Bc4 23. Bb1 Bb3 24. Re1 Rc7 25. Bg3 Rd8 26. h4 Rc3 27. Bf4 h6 28. Bd2 Rc4 29. Bd3 Rc6 30. Ba5 Rdc8 31. d5 Rc1 32. dxe6 fxe6 33. Nd4 Rxe1+ 34. Bxe1 Rc1 35. Kf1 Ba2 36. Ke2 e5 37. Nf5 d5 38. exd5 Kf7 39. Ne3 Ke7 40. Bb4+ Kd8 41. Bf5 Bc4+ 42. Nxc4 Rxc4 43. d6 Rd4 44. Ba5+ Ke8 45. d7+ Rxd7 46. Bxd7+ Kxd7 47. Ke3 Ke6 48. Ke4 g5 49. h5 g4 50. g3 Kf6 51. Bb6 Kg5 52. Bc5 Kxh5 53. Kxe5 a5 54. Bd6 b4 55. Bxb4 axb4 56. axb4 Kg6 57. b5 h5 58. b6 h4 59. gxh4 g3 60. fxg3 Kh5 61. b7 Kg4 62. b8=Q Kh3 63. Kf4 Kh2 64. Kg4 1-0


[Site "https://www.chess.com"]

[Event "Titled Tuesday Blitz January 18 2022"]
[White "Goryachkina, Aleksandra"]
[Black "Zhigalko, Sergei"]
[WhiteFideId "4147103"]
[BlackFideId "13502956"]
[WhiteElo "2426"]
[BlackElo "2662"]
[Result "0-1"]
[Round "09"]
[TimeControl "180+1"]
[Date "2022.01.18"]
[WhiteClock "0:00:03"]
[BlackClock "0:00:11"]

1. e4 c5 2. Nf3 Nc6 3. Nc3 Nf6 4. Bb5 Qc7 5. Bxc6 dxc6 6. d3 Bg4 7. h3 Bh5 8. Be3 Nd7 9. g4 Bg6 10. Qd2 e6 11. O-O-O Be7 12. Kb1 O-O-O 13. Bf4 e5 14. Bg3 Rhe8 15. Qe3 f6 16. Nd2 Bf7 17. f4 Bd6 18. f5 b5 19. h4 a5 20. Qe2 a4 21. Rde1 Qa5 22. Rh2 Nb6 23. Rc1 a3 24. Nb3 Qb4 25. Be1 axb2 26. Kxb2 c4 27. Nb1 Na4+ 28. Ka1 cxb3 29. axb3 Qd4+ 30. c3 Qa7 0-1


[Site "https://www.chess.com"]

[Event "Titled Tuesday Blitz January 18 2022"]
[White "Hardaway, Brewington"]
[Black "Vignesh, N R"]
[WhiteFideId "30941849"]
[BlackFideId "25012215"]
[WhiteElo "1768"]
[BlackElo "2395"]
[Result "0-1"]
[Round "09"]
[TimeControl "180+1"]
[Date "2022.01.18"]
[WhiteClock "0:01:28"]
[BlackClock "0:01:49"]

1. Nf3 Nf6 2. e3 b6 3. d4 Bb7 4. Bd3 g6 5. O-O Bg7 6. c4 O-O 7. Nc3 d6 8. a4 Nbd7 9. a5 a6 10. axb6 cxb6 11. d5 b5 12. Nd4 bxc4 13. Bxc4 Nb6 14. Qb3 Qc7 15. Be2 Nbxd5 16. Nxd5 Bxd5 17. Qd1 e5 18. Nf3 a5 19. Bd2 Ne4 20. Be1 Be6 21. Qa4 Qb7 22. Bxa5 Qxb2 23. Qb5 Rfb8 24. Qxb2 Rxb2 25. Bd3 Nc5 26. Bc3 Rxa1 27. Rxa1 Rb3 28. Ra8+ Bf8 29. Bd4 0-1


[Site "https://www.chess.com"]

[Event "Titled Tuesday Blitz January 18 2022"]
[White "Harshavardhan G B"]
[Black "Wong, Yinn Long"]
[WhiteFideId "25059009"]
[BlackFideId "5707684"]
[WhiteElo "1831"]
[BlackElo "2055"]
[Result "1-0"]
[Round "09"]
[TimeControl "180+1"]
[Date "2022.01.18"]
[WhiteClock "0:00:42"]
[BlackClock "0:00:02"]

1. e4 c5 2. Nf3 g6 3. d4 cxd4 4. Qxd4 Nf6 5. e5 Nc6 6. Qa4 Nd5 7. Qb3 Nc7 8. Bc4 Ne6 9. Nc3 Na5 10. Qa4 Nc5 11. Qb5 b6 12. Be2 e6 13. O-O Ba6 14. Qb4 Bxe2 15. Nxe2 Ncb3 16. Qe4 Nxa1 17. Bg5 Qc8 18. Bf6 Rg8 19. Rxa1 Qc6 20. Qh4 h6 21. Ned4 Qd5 22. b3 g5 23. Qg4 Bg7 24. c4 Qc5 25. Qe4 Nc6 26. b4 Qxc4 27. Qh7 Kf8 28. Nxc6 Qxc6 29. Rd1 Rc8 30. h3 Qc2 31. Rd3 Rc3 32. Bxg7+ Rxg7 33. Qh8+ Ke7 34. Rxc3 Qxc3 35. Qxg7 Qc1+ 36. Kh2 Qf4+ 37. Kh1 Qc1+ 38. Ng1 Qf4 39. Qxh6 Qxe5 40. Nf3 Qa1+ 41. Kh2 f6 42. Qg7+ Kd6 43. Qf8+ Kc6 44. Qa8+ Kd6 45. Qxa7 Kc6 46. Qa8+ Kc7 47. b5 Qb2 48. Qa7+ Kc8 49. Qxb6 Qxa2 50. Qc5+ Kd8 51. b6 g4 52. Qf8# 1-0


[Site "https://www.chess.com"]

[Event "Titled Tuesday Blitz January 18 2022"]
[White "Hasangatin, Ramil"]
[Black "Ljukin, Sergei"]
[WhiteFideId "4122160"]
[BlackFideId "14102200"]
[WhiteElo "2375"]
[BlackElo "2312"]
[Result "1-0"]
[Round "09"]
[TimeControl "180+1"]
[Date "2022.01.18"]
[WhiteClock "0:01:00"]
[BlackClock "0:00:17"]

1. e4 e6 2. d3 d5 3. Qe2 Be7 4. Nf3 Nf6 5. g3 O-O 6. Bg2 c5 7. O-O Nc6 8. e5 Nd7 9. c4 a6 10. Re1 b5 11. b3 Bb7 12. Bf4 dxc4 13. dxc4 bxc4 14. bxc4 Qc7 15. Nbd2 Nd4 16. Nxd4 cxd4 17. Qg4 Rfd8 18. Ne4 Bxe4 19. Bxe4 Rab8 20. Bh6 Bf8 21. Bg5 Rdc8 22. Bf6 Qxc4 23. Rad1 Rb2 24. Rxd4 Qc3 25. Re3 Qc7 26. Bxh7+ Kxh7 27. Qh5+ Kg8 28. Rh4 Qc1+ 29. Kg2 Rxf2+ 30. Kxf2 Qd2+ 31. Re2 1-0


[Site "https://www.chess.com"]

[Event "Titled Tuesday Blitz January 18 2022"]
[White "Hasman, Cengiz"]
[Black "Krstulovic, Alex"]
[WhiteFideId "413364"]
[BlackFideId "760056"]
[WhiteElo "2020"]
[BlackElo "2193"]
[Result "0-1"]
[Round "09"]
[TimeControl "180+1"]
[Date "2022.01.18"]
[WhiteClock "0:00:01"]
[BlackClock "0:00:23"]

1. d4 Nf6 2. c4 e6 3. Bg5 c5 4. d5 b5 5. dxe6 fxe6 6. e4 Be7 7. e5 Ne4 8. Bxe7 Qa5+ 9. Nd2 Kxe7 10. Nf3 Rf8 11. Bd3 Nxd2 12. Nxd2 bxc4 13. Be4 Nc6 14. Bxc6 dxc6 15. O-O Ba6 16. Ne4 Rad8 17. Qh5 c3 18. Qg5+ Kf7 19. bxc3 Bxf1 20. Rxf1 Kg8 21. Qg4 Qxa2 22. Ng5 Rde8 23. f4 h6 24. Ne4 Re7 25. Rd1 Qa4 26. h4 Qxe4 0-1


[Site "https://www.chess.com"]

[Event "Titled Tuesday Blitz January 18 2022"]
[White "Iskusnyh, Sergei"]
[Black "Kamsky, Gata"]
[WhiteFideId "4120027"]
[BlackFideId "2000024"]
[WhiteElo "2492"]
[BlackElo "2645"]
[Result "0-1"]
[Round "09"]
[TimeControl "180+1"]
[Date "2022.01.18"]
[WhiteClock "0:00:11"]
[BlackClock "0:00:32"]

1. d4 d5 2. c4 c6 3. Nf3 Nf6 4. e3 Bg4 5. h3 Bxf3 6. Qxf3 e6 7. Bd3 Nbd7 8. Nc3 g6 9. cxd5 exd5 10. Bd2 Bd6 11. O-O-O Qe7 12. Kb1 O-O-O 13. Rc1 Kb8 14. g4 Rhe8 15. Qg2 Ne4 16. Nxe4 dxe4 17. Bc4 f5 18. gxf5 gxf5 19. Rhg1 Nb6 20. Bb3 Qh4 21. Ba5 f4 22. Rcf1 Qh5 23. Bd2 Qb5 24. Bc1 a5 25. Qg5 Qb4 26. Bf7 Re7 27. a3 Qa4 28. b3 Qb5 29. Qxb5 cxb5 30. Bh5 b4 31. axb4 Bxb4 32. exf4 Nd5 33. f5 Rf8 34. Rg5 h6 35. f6 hxg5 36. fxe7 Bxe7 37. Re1 Rxf2 38. Bb2 e3 39. Bg4 Bb4 40. Rc1 e2 0-1


[Site "https://www.chess.com"]

[Event "Titled Tuesday Blitz January 18 2022"]
[White "Jobava, Baadur"]
[Black "Sadhwani, Raunak"]
[WhiteFideId "13601520"]
[BlackFideId "35093487"]
[WhiteElo "2617"]
[BlackElo "2616"]
[Result "0-1"]
[Round "09"]
[TimeControl "180+1"]
[Date "2022.01.18"]
[WhiteClock "0:00:01"]
[BlackClock "0:00:14"]

1. d4 Nf6 2. c4 g6 3. g3 Bg7 4. Bg2 O-O 5. Nc3 d6 6. Nf3 c6 7. O-O Bf5 8. Ne1 e5 9. d5 cxd5 10. Nxd5 Nxd5 11. Bxd5 Nc6 12. Bg2 Be6 13. b3 e4 14. Bf4 Bxa1 15. Qxa1 f5 16. Nc2 Qf6 17. Bxd6 Qxa1 18. Rxa1 Rfd8 19. c5 b6 20. b4 bxc5 21. bxc5 Rac8 22. f3 exf3 23. Bxf3 Re8 24. Kf2 Bf7 25. a3 Ne5 26. Nd4 Nc4 27. Nc6 Kg7 28. Nxa7 Nxd6 29. cxd6 Rcd8 30. Rd1 Re6 31. Nb5 Re5 32. Nd4 Be8 33. Nc6 Bxc6 34. Bxc6 Rc5 35. Bf3 Kf6 36. a4 Ke6 37. Rb1 Rxd6 38. Rb7 Rd7 39. Rb8 Ra7 40. Rh8 Kf6 41. h4 Kg7 42. Rb8 Rxa4 43. Rb7+ Kh6 44. Rd7 Rac4 45. Ra7 Rc7 46. Ra6 R4c5 47. h5 Kg5 48. hxg6 hxg6 49. Ra8 Re5 50. Ra6 Rce7 51. Ra4 R7e6 52. Rb4 Kf6 53. Ra4 g5 54. g4 fxg4 55. Bxg4 Re4 56. Rxe4 Rxe4 57. Bf3 Rb4 58. Kg3 Kf5 59. e3 Rb3 60. Kf2 g4 61. Bd5 Rc3 62. Bb7 Kg5 63. e4 Kf4 64. Bc8 Rxc8 0-1


[Site "https://www.chess.com"]

[Event "Titled Tuesday Blitz January 18 2022"]
[White "Jocev, Milan"]
[Black "De Silva, L M S T"]
[WhiteFideId "900680"]
[BlackFideId "9953698"]
[WhiteElo "2322"]
[BlackElo "1631"]
[Result "0-1"]
[Round "09"]
[TimeControl "180+1"]
[Date "2022.01.18"]
[WhiteClock "0:00:01"]
[BlackClock "0:01:03"]

1. d4 Nf6 2. Bg5 e6 3. Nd2 h6 4. Bh4 g5 5. Bg3 Bg7 6. e4 d6 7. h4 g4 8. h5 Nc6 9. c3 e5 10. d5 Ne7 11. Bh4 Nh7 12. Be2 Qd7 13. Bxe7 Kxe7 14. Nf1 Kf8 15. Ne3 Nf6 16. Rh4 Nxe4 17. Bxg4 Qe7 18. g3 Bf6 19. Bxc8 Bxh4 20. gxh4 Qxh4 21. Qf3 Rxc8 22. Nf5 Qf4 23. Qxf4 exf4 24. Nh3 Re8 25. O-O-O Re5 26. Nd4 Rxh5 27. Nxf4 Rg5 28. f3 Nf6 29. Nb5 Rf5 30. Ne2 c6 31. Nxd6 Rxd5 32. Nxb7 Rxd1+ 33. Kxd1 h5 34. Ke1 h4 35. Kf2 Rg8 36. Nd6 h3 37. Nf5 h2 38. Nfg3 Nh5 39. Nh1 f5 40. b4 f4 41. a4 Kf7 42. b5 c5 43. a5 Ke6 0-1


[Site "https://www.chess.com"]

[Event "Titled Tuesday Blitz January 18 2022"]
[White "Kadam, Om Manish"]
[Black "Nesterov, Arseniy"]
[WhiteFideId "45076294"]
[BlackFideId "24198455"]
[WhiteElo "1729"]
[BlackElo "2489"]
[Result "1-0"]
[Round "09"]
[TimeControl "180+1"]
[Date "2022.01.18"]
[WhiteClock "0:00:58"]
[BlackClock "0:00:02"]

1. e4 e5 2. Nf3 Nc6 3. Bc4 Nf6 4. d3 Bc5 5. c3 d6 6. b4 Bb6 7. a4 a5 8. b5 Ne7 9. Nbd2 O-O 10. Bb3 c6 11. Nc4 Bc7 12. O-O Ng6 13. Re1 h6 14. Be3 Be6 15. Ncd2 Re8 16. d4 d5 17. exd5 Nxd5 18. Qc2 exd4 19. Bxd4 Ndf4 20. Bxe6 Nxe6 21. Be3 Qd5 22. c4 Qh5 23. Rad1 Rad8 24. Nf1 Ne5 25. Nxe5 Bxe5 26. Rxd8 Rxd8 27. Qe4 Bc3 28. Rc1 Bb2 29. Rb1 Qe5 30. Qf3 Bd4 31. bxc6 Bxe3 32. Nxe3 Nd4 33. Qd1 bxc6 34. Qe1 Qg5 35. Kh1 Ne6 36. Rd1 Re8 37. Qd2 Nf4 38. Qd7 Rxe3 39. Qd8+ Kh7 40. Qxg5 Rd3 41. Qf5+ g6 42. Qxd3 1-0


[Site "https://www.chess.com"]

[Event "Titled Tuesday Blitz January 18 2022"]
[White "Kalashian, David"]
[Black "Prraneeth Vuppala"]
[WhiteFideId "13302418"]
[BlackFideId "46622373"]
[WhiteElo "2490"]
[BlackElo "1759"]
[Result "1-0"]
[Round "09"]
[TimeControl "180+1"]
[Date "2022.01.18"]
[WhiteClock "0:01:31"]
[BlackClock "0:00:02"]

1. d4 Nf6 2. c4 e6 3. Nf3 d5 4. Nc3 Bb4 5. Bg5 h6 6. Bxf6 Qxf6 7. Qa4+ Nc6 8. e3 O-O 9. Rc1 Bd7 10. a3 Bxc3+ 11. Rxc3 e5 12. cxd5 exd4 13. Nxd4 Nxd4 14. Qxd4 Qxd4 15. exd4 c6 16. dxc6 Bxc6 17. f3 Rad8 18. Rd3 Rd6 19. Kf2 Rfd8 20. Ke3 Re8+ 21. Kf2 Red8 22. Be2 Rxd4 23. Rhd1 Rxd3 24. Rxd3 Rxd3 25. Bxd3 f6 26. Bc4+ Kf8 27. Ke3 Ke7 28. Kd4 Kd6 29. Be2 g5 30. g3 b6 31. f4 Bd7 32. Bd3 h5 33. h4 gxf4 34. gxf4 Be8 35. Bc2 Bf7 36. Bd1 Be8 37. Be2 Bf7 38. Bf3 Be8 39. Kc4 a6 40. b4 Bf7+ 41. Kd4 Be8 42. Bd1 Bf7 43. Be2 a5 44. Bc4 Be8 45. bxa5 bxa5 46. Bd3 1-0


[Site "https://www.chess.com"]

[Event "Titled Tuesday Blitz January 18 2022"]
[White "Kanyamarala, Tarun"]
[Black "Kucuksari, Kaan"]
[WhiteFideId "45004714"]
[BlackFideId "6380166"]
[WhiteElo "2144"]
[BlackElo "2305"]
[Result "0-1"]
[Round "09"]
[TimeControl "180+1"]
[Date "2022.01.18"]
[WhiteClock "0:00:06"]
[BlackClock "0:00:43"]

1. d4 f5 2. Nf3 Nf6 3. g3 g6 4. c3 Bg7 5. Qb3 e6 6. Bg2 O-O 7. O-O d5 8. Nbd2 c5 9. dxc5 Nc6 10. c4 d4 11. a3 e5 12. Qc2 e4 13. Ne1 Be6 14. b4 Rc8 15. Bb2 Ng4 16. Nb3 a5 17. b5 a4 18. Nc1 Na5 19. Ncd3 Bxc4 20. Nf4 Rxc5 21. Ne6 Bxe6 22. Qxc5 Nb3 23. Qb4 Nxa1 24. Bxa1 Bb3 25. h3 Nh6 26. e3 d3 27. Bxg7 Kxg7 28. Qd2 Qf6 29. f3 Qe5 30. fxe4 fxe4 31. Rf4 Rxf4 32. gxf4 Qd5 33. Kf2 Nf5 34. Bh1 Nd6 35. Qc3+ Kh6 36. Qf6 d2 37. Nf3 d1=Q 38. Qf8+ Kh5 39. Qg7 Qc2+ 40. Kg3 Nf5# 0-1


[Site "https://www.chess.com"]

[Event "Titled Tuesday Blitz January 18 2022"]
[White "Karas, Marek"]
[Black "Ivanisevic, Ivan"]
[WhiteFideId "14928558"]
[BlackFideId "912417"]
[WhiteElo "2270"]
[BlackElo "2495"]
[Result "0-1"]
[Round "09"]
[TimeControl "180+1"]
[Date "2022.01.18"]
[WhiteClock "0:00:47"]
[BlackClock "0:00:49"]

1. d4 Nf6 2. Bf4 d6 3. Nc3 Nbd7 4. Nf3 c5 5. d5 b5 6. Nxb5 Qa5+ 7. Nc3 Rb8 8. Bd2 Rxb2 9. e4 g6 10. Bd3 Bg7 11. O-O O-O 12. Nb5 Qb6 13. Na3 Ba6 14. Bc3 Ng4 15. Bxb2 Qxb2 16. Nc4 Bxc4 17. Bxc4 Qxa1 18. Qxa1 Bxa1 19. Rxa1 Rb8 20. h3 Nge5 21. Nxe5 Nxe5 22. Bb3 g5 23. Kf1 Rb4 24. f3 c4 25. a3 Rb6 26. Ba4 h5 27. Ke1 h4 28. Kd2 Kg7 29. Kc3 Kf6 30. Be8 Rb8 31. Ba4 Ng6 32. Kxc4 Nf4 33. Rg1 Ke5 34. Kc3 Ne2+ 0-1


[Site "https://www.chess.com"]

[Event "Titled Tuesday Blitz January 18 2022"]
[White "Kaufman, Raymond"]
[Black "Le, Tuan Minh"]
[WhiteFideId "2015056"]
[BlackFideId "12401153"]
[WhiteElo "2321"]
[BlackElo "2450"]
[Result "0-1"]
[Round "09"]
[TimeControl "180+1"]
[Date "2022.01.18"]
[WhiteClock "0:01:22"]
[BlackClock "0:01:57"]

1. e4 c5 2. Nf3 Nf6 3. e5 Nd5 4. g3 g6 5. Bg2 Bg7 6. O-O O-O 7. Re1 Nc6 8. c3 d6 9. d4 cxd4 10. cxd4 dxe5 11. dxe5 Ndb4 12. Qe2 Qd3 13. Nc3 Bg4 14. h3 Bxf3 15. Bxf3 Qxe2 16. Rxe2 Nd4 17. Bxb7 Nxe2+ 18. Nxe2 Rab8 19. Be4 Bxe5 20. Bh6 Rfd8 21. Rc1 Nd3 0-1


[Site "https://www.chess.com"]

[Event "Titled Tuesday Blitz January 18 2022"]
[White "Kavyev, Ruslan"]
[Black "Villalba, Marcelo"]
[WhiteFideId "34110981"]
[BlackFideId "3701859"]
[WhiteElo "2182"]
[BlackElo "2169"]
[Result "1-0"]
[Round "09"]
[TimeControl "180+1"]
[Date "2022.01.18"]
[WhiteClock "0:00:23"]
[BlackClock "0:00:02"]

1. d4 Nf6 2. c4 e6 3. g3 d5 4. Bg2 dxc4 5. Nf3 a6 6. O-O b5 7. e3 Bb7 8. b3 cxb3 9. axb3 Nbd7 10. Qe2 Be7 11. Bd2 O-O 12. Rc1 c5 13. Ba5 Qb8 14. Nc3 Rc8 15. h4 Ne4 16. h5 Bf6 17. h6 cxd4 18. Nxe4 Bxe4 19. exd4 Qb7 20. hxg7 Bxg7 21. Re1 Bd5 22. Qd3 Nf8 23. Nh4 Ng6 24. Bxd5 Qxd5 25. Nf3 Rc6 26. Rad1 Rac8 27. Ne5 Nxe5 28. dxe5 Qxd3 29. Rxd3 Rc1 30. f4 Bf8 31. Rxc1 Rxc1+ 32. Kg2 Rc6 33. Bd8 Kg7 34. Bf6+ Kg6 35. g4 h5 36. Kg3 hxg4 37. Kxg4 Rc1 38. Rg3 Bh6 39. f5+ exf5+ 40. Kh4+ Kh7 41. Rd3 Rh1+ 42. Kg3 f4+ 43. Kg4 Rg1+ 44. Kf5 Rg3 45. Rd8 Rg8 46. Rd7 Rf8 47. e6 Kg8 48. e7 f3 49. exf8=Q+ Bxf8 50. Rd3 a5 51. Rxf3 a4 52. Rh3 Bg7 53. Rg3 axb3 54. Rxg7+ Kf8 55. Rg3 b2 56. Rb3 1-0


[Site "https://www.chess.com"]

[Event "Titled Tuesday Blitz January 18 2022"]
[White "Khumalo, Keith"]
[Black "Samadov, Read"]
[WhiteFideId "14319470"]
[BlackFideId "13417444"]
[WhiteElo "1992"]
[BlackElo "2084"]
[Result "1-0"]
[Round "09"]
[TimeControl "180+1"]
[Date "2022.01.18"]
[WhiteClock "0:01:10"]
[BlackClock "0:00:08"]

1. d4 Nf6 2. c4 e6 3. Nf3 d5 4. g3 Bb4+ 5. Bd2 Be7 6. Qc2 O-O 7. Bg2 c6 8. O-O b6 9. Bf4 Nbd7 10. Nbd2 Bb7 11. e4 c5 12. exd5 exd5 13. dxc5 Nxc5 14. Ne5 Rc8 15. Rad1 Ne6 16. Qa4 Nxf4 17. gxf4 Qc7 18. Rc1 dxc4 19. Rxc4 Qb8 20. Bxb7 Qxb7 21. Rfc1 b5 22. Qb3 Rxc4 23. Rxc4 Nd5 24. Rd4 Nf6 25. a4 b4 26. Ndc4 Bc5 27. Rd1 Ne4 28. Ne3 Qc8 29. Qd5 Nf6 30. Qf3 Qe6 31. N3c4 Qf5 32. b3 h5 33. h3 Re8 34. Kg2 h4 35. Ne3 Qe6 36. N3g4 Nh5 37. f5 Qb6 38. Nd7 Qc7 39. Nh6+ gxh6 40. Qxh5 Bxf2 41. Nf6+ Kf8 42. Qxh6+ Ke7 43. Nd5+ 1-0


[Site "https://www.chess.com"]